 Dungeon Crawl Stone Soup version 0.28.0-45-g0d030f2227 (webtiles) character file.

Game seed: 2168318513633372812

1706 seaoflcl the Slasher (level 9, -9/102 HPs)
             Began as a Human Fighter on Apr 10, 2022.
             Was an Initiate of the Shining One.
             Mangled by a skeletal warrior
             ... wielding a +0 mace
             ... created by the anger of Yredelemnul
              (15 damage)
             ... on level 7 of the Dungeon.
             The game lasted 00:11:49 (6569 turns).

seaoflcl the Slasher (Human Fighter)                Turns: 6569, Time: 00:11:50

Health: -9/102     AC: 24    Str: 21    XL:     9   Next: 23%
Magic:  9/9        EV:  2    Int:  8    God:    the Shining One [......]
Gold:   217        SH:  5    Dex: 13    Spells: 8/8 levels left

rFire   . . .      SeeInvis .   a - +0 long sword
rCold   + . .      Faith    .   c - +0 buckler
rNeg    . . .      Spirit   .   (armour currently unavailable)
rPois   +          Reflect  .   (helmet currently unavailable)
rElec   .          Harm     .   (cloak currently unavailable)
rCorr   .          Rampage  .   (gloves currently unavailable)
Will    .....      NoTele   +   (boots currently unavailable)
Stlth   +.........              (no amulet)
HPRegen 0.27/turn               d - ring of protection from cold
MPRegen 0.11/turn               o - ring of poison resistance

@: tree-form, glowing
A: stationary, stasis, torment immunity, boosted hp
a: Renounce Religion


You were on level 7 of the Dungeon.
You worshipped the Shining One.
The Shining One was noncommittal.
You were a tree.
You visited 2 branches of the dungeon, and saw 8 of its levels.

You collected 237 gold pieces.
You spent 20 gold pieces at shops.

Inventory:

Hand Weapons
 a - a +0 long sword (weapon)
Armour
 b - a +0 chain mail (melded)
 c - a +0 buckler (worn)
 l - a +0 pair of gloves (melded)
 u - the +0 cloak of the Swamp (melded) {rC+ Dex+7}
   (You found it on level 5 of the Dungeon)

   Dex:       It affects your dexterity (+7).
   rC:        It protects you from cold.
Jewellery
 d - a ring of protection from cold (left branch)
 o - a ring of poison resistance (right branch)
Wands
 j - a wand of flame (27) (quivered)
 p - a wand of acid (11)
Scrolls
 e - 2 scrolls of noise
 h - 2 scrolls of torment
 i - a scroll of blinking {unknown}
 q - 3 scrolls of fear
 r - a scroll of immolation {unknown}
 s - a scroll of acquirement {unknown}
 t - a scroll of enchant armour {unknown}
 w - a scroll of enchant weapon {unknown}
 x - a scroll of teleportation {unknown}
Potions
 f - a potion of degeneration {unknown}
 g - a potion of flight {unknown}
 k - a potion of lignification
 m - a potion of brilliance
 n - 3 potions of attraction


   Skills:
 + Level 5.0 Fighting
 + Level 7.5 Long Blades
 + Level 6.4 Armour
 + Level 1.5 Dodging
 + Level 1.2 Stealth
 + Level 5.0 Shields
 + Level 0.3 Invocations


You had 8 spell levels left.
You didn't know any spells.
Your spell library contained the following spells:

 Spells                   Type           Power      Damage    Failure   Level
 Magic Dart               Conj           0%         1d3       50%         1
 Ensorcelled Hibernation  Hex/Ice        0%         N/A       63%         2
 Searing Ray              Conj           0%         2d4       63%         2
 Gell's Gravitas          Tloc           0%         N/A       86%         3
 Inner Flame              Hex/Fire       0%         N/A       86%         3
 Lesser Beckoning         Tloc           0%         N/A       86%         3
 Ozocubu's Armour         Ice            0%         N/A       86%         3
 Spider Form              Tmut/Pois      0%         N/A       86%         3
 Teleport Other           Tloc           0%         N/A       86%         3
 Anguish                  Hex/Necr       0%         N/A       99%         4
 Cause Fear               Hex            0%         N/A       99%         4
 Fulminant Prism          Conj/Hex       0%         3d6       99%         4
 Ozocubu's Refrigeration  Ice            0%         4d5       100%        7
 Discord                  Hex            0%         N/A       100%        8


Dungeon Overview and Level Annotations

Branches:
Dungeon (7/15)             Temple (1/1) D:6

Altars:
Ashenzari
Cheibriados
Dithmenos
Elyvilon
Fedhas
Gozag
Kikubaaqudgha
Makhleb
Nemelex Xobeh
Okawaru
Qazlal
Ru
Sif Muna
Trog
Uskayaw
Vehumet
Yredelemnul
Zin
The Shining One

Shops:
D:4 ?


Message History

The skeletal warrior hits you but does no damage.
You hit the skeletal warrior but do no damage.
The skeletal warrior is moderately damaged.
The skeletal warrior hits you but does no damage.
You closely miss the skeletal warrior.
The skeletal warrior is moderately damaged.
You block the skeletal warrior's attack.
You hit the skeletal warrior but do no damage.
The skeletal warrior is moderately damaged.
The skeletal warrior completely misses you.
You barely miss the skeletal warrior.
The skeletal warrior is moderately damaged.
The skeletal warrior hits you with a +0 mace.
* * * LOW HITPOINT WARNING * * *
You barely miss the skeletal warrior.
The skeletal warrior is moderately damaged.
The skeletal warrior hits you with a +0 mace!
* * * LOW HITPOINT WARNING * * *
You hit the skeletal warrior.
The skeletal warrior is moderately damaged.
The skeletal warrior hits you but does no damage.
Okay, then.
You closely miss the skeletal warrior.
The skeletal warrior is moderately damaged.
The skeletal warrior hits you but does no damage.
You hit the skeletal warrior.
The skeletal warrior is heavily damaged.
The skeletal warrior barely misses you.
You closely miss the skeletal warrior.
The skeletal warrior is moderately damaged.
The skeletal warrior hits you with a +0 mace.
* * * LOW HITPOINT WARNING * * *
The skeletal warrior hits you but does no damage.
You hit the skeletal warrior but do no damage.
The skeletal warrior is moderately damaged.
The skeletal warrior hits you but does no damage.
You closely miss the skeletal warrior.
The skeletal warrior is moderately damaged.
The skeletal warrior hits you with a +0 mace!
You die... ###### #..z♣# #.####

You could see a skeletal warrior.

Vanquished Creatures
  Grinder (D:5)
  3 ice beasts (D:5)
  2 black bears (D:5)
  An ogre (D:5)
  A centaur (D:5)
  A phantom (D:4)
  2 bullfrogs (D:6)
  A water moccasin skeleton (D:3)
  A centaur skeleton (D:6)
  2 orc priests
  A centaur zombie (D:5)
  An orc wizard (D:5)
  A scorpion zombie (D:5)
  3 iguanas
  3 hound skeletons (D:5)
  Robin (D:2)
  7 adders
  A white imp (D:5)
  An ufetubus (D:4)
  An adder skeleton (D:4)
  3 worms
  6 dart slugs
  8 orcs
  5 ball pythons
  8 endoplasms
  4 giant cockroaches
  6 goblins
  8 hobgoblins
  3 jackals (D:3)
  3 kobolds
  2 quokkas
  A bat (D:1)
  3 frilled lizards
  5 rats
100 creatures vanquished.

Vanquished Creatures (collateral kills)
  2 centaurs
  An adder skeleton (D:4)
  A worm (D:2)
  4 goblins (D:2)
  A hobgoblin (D:2)
  2 ball pythons
  2 frilled lizards (D:1)
13 creatures vanquished.

Vanquished Creatures (others)
  An adder zombie (D:2)
  A bat zombie (D:1)
  A ball python zombie (D:2)
  A goblin zombie (D:2)
  2 hobgoblin zombies (D:2)
  2 orc zombies (D:5)
  A spectral endoplasm (D:3)
  3 fungi (D:1)
  9 plants
21 creatures vanquished.

Grand Total: 134 creatures vanquished

Notes
Turn   | Place    | Note
-------+----------+-------------------------------------------
     0 | D:1      | seaoflcl the Human Fighter began the quest for the Orb.
     0 | D:1      | Reached XP level 1. HP: 18/18 MP: 1/1
    30 | D:1      | Found a faded altar of an unknown god.
   117 | D:1      | Prayed at the altar of an unknown god.
   117 | D:1      | Became a worshipper of Yredelemnul the Dark
   117 | D:1      | Reached * piety under Yredelemnul
   144 | D:1      | Reached XP level 2. HP: 24/24 MP: 2/2
   393 | D:1      | Reached XP level 3. HP: 25/29 MP: 3/3
   440 | D:1      | Reached ** piety under Yredelemnul
  1195 | D:2      | Noticed Robin
  1200 | D:2      | Reached XP level 4. HP: 33/35 MP: 4/4
  1213 | D:2      | Killed Robin
  1214 | D:2      | Reached skill level 3 in Long Blades
  1716 | D:2      | Reached XP level 5. HP: 41/41 MP: 5/5
  2523 | D:3      | Reached skill level 4 in Long Blades
  3201 | D:4      | Reached XP level 6. HP: 43/48 MP: 6/6
  3246 | D:4      | Found Bidepir's Magic Scroll Boutique.
  3254 | D:4      | Bought a scroll of identify for 20 gold pieces
  3361 | D:4      | Found a basalt altar of Yredelemnul.
  3556 | D:4      | Found a sparkling altar of Nemelex Xobeh.
  3908 | D:4      | Reached XP level 7. HP: 41/53 MP: 7/7
  4021 | D:4      | Reached skill level 5 in Long Blades
  4255 | D:5      | Entered Level 5 of the Dungeon
  4338 | D:5      | Noticed Grinder
  4339 | D:5      | Paralysed by Grinder for 6 turns
  4350 | D:5      | Paralysed by Grinder for 5 turns
  4727 | D:5      | Killed Grinder
  4728 | D:5      | Reached skill level 5 in Armour
  4728 | D:5      | Reached XP level 8. HP: 37/60 MP: 8/8
  5011 | D:5      | Reached skill level 6 in Long Blades
  5011 | D:5      | Reached skill level 1 in Dodging
  5011 | D:5      | Reached skill level 1 in Stealth
  5213 | D:5      | Identified the +0 cloak of the Swamp {rC+ Dex+7}
  5410 | D:5      | Reached skill level 7 in Long Blades
  5410 | D:5      | Reached XP level 9. HP: 33/67 MP: 9/9
  5879 | D:6      | Reached skill level 5 in Fighting
  5879 | D:6      | Reached skill level 5 in Shields
  5894 | D:6      | Found a staircase to the Ecumenical Temple.
  5903 | Temple   | Entered the Ecumenical Temple
  6167 | Temple   | Fell from the grace of Yredelemnul
  6167 | Temple   | Became a worshipper of the Shining One
  6533 | D:6      | Noticed a skeletal warrior
  6569 | D:7      | Mangled by a skeletal warrior

Illustrated notes

Levels and vault maps discovered:
D:1:      lemuel_arrival_hallway, layout_basic,
          dreamdust_ecumenical_altar_grove, serial_park_tiny_1
D:2:      layout_loops_ring, serial_forest, infiniplex_forest_end_double,
          infiniplex_forest_corner_1, infiniplex_forest_lined_ring,
          infiniplex_forest_lined_1, infiniplex_forest_lined_4_way,
          infiniplex_forest_end_1, infiniplex_forest_clump_cross,
          minmay_pentomino_q2, uniq_robin
D:3:      layout_basic, amcnicky_mini_rare_corridor_liquid, saegor_snake_ambush
D:4:      layout_basic, old_standard_altar, amcnicky_altar_gilded, serial_shops,
          shop, item_on_display_a
D:5:      layout_layer_cave, uniq_grinder
D:6:      layout_cave_pods, regret_index_temple_of_mockery,
          lemuel_temple_firewalk_a, dk_noncrumbling_4
D:7:      minmay_flawed_box, layout_basic
Temple:   minmay_crystal_spiral_temple

Skill      XL: |  1  2  3  4  5  6  7  8  9 |
---------------+----------------------------+-----
Long Blades    | 3 4 5 7 |  7.5
Armour         | 4 5 6 |  6.4
Shields        | 4 5 |  5.0
Fighting       | 4 5 |  5.0
Dodging        | 1 |  1.5
Stealth        | 1 |  1.2
Invocations    | |  0.3

Action                   |  1- 3 |  4- 6 |  7- 9 || total
-------------------------+-------+-------+-------++-------
Melee: Long sword        |    79 |   152 |   219 ||   450
Invok: Recall Undead Har |       |     2 |       ||     2
       Dark Bargain      |       |       |     1 ||     1
  Use: Scroll            |       |     5 |     1 ||     6
       Potion            |       |       |     7 ||     7
 Stab: Distracted        |       |     1 |       ||     1
Armor: Chain mail        |    54 |    82 |   132 ||   268
       Skin              |       |       |     7 ||     7
Dodge: Dodged            |    21 |    66 |    90 ||   177
Block: Buckler           |    13 |    29 |    74 ||   116
